 Dungeon Crawl Stone Soup version 0.30.1 (webtiles) character file.

Game seed: 1246072018034614446

7048 Graphine the Cleaver (level 11, 0/142 HPs)
             Began as a Hill Orc Fighter on July 10, 2023.
             Was an Elder of Beogh.
             Killed by an exploding death yak (14 damage)
             ... ignited by their inner flame
             ... on level 1 of the Lair of Beasts.
             The game lasted 00:21:51 (8592 turns).

Graphine the Cleaver (Hill Orc Fighter)             Turns: 8592, Time: 00:21:51

Health: 0/142      AC: 25    Str: 20    XL:     11   Next: 9%
Magic:  16/16      EV:  2    Int: 12    God:    Beogh [****..]
Gold:   647        SH: 10    Dex: 10    Spells: 14/16 levels left

rFire   + + .        q - +6 dagger "Grim" {freeze, rF++}
rCold   . . .        c - +0 buckler
rNeg    . . .        b - melded +0 scale mail
rPois   +            (helmet currently unavailable)
rElec   .            f - melded +1 cloak
rCorr   .            u - melded +0 pair of gloves
SInv    .            (boots currently unavailable)
Will    .....        t - amulet of reflection
Stlth   +            (no ring)
HPRegen 0.43/turn    (no ring)
MPRegen 0.15/turn

%: reflection
@: mighty, tree-form
A: stationary, stasis, torment immunity, boosted hp
a: Renounce Religion, Smiting, Recall Orcish Followers


You were on level 1 of the Lair of Beasts.
You worshipped Beogh.
Beogh was greatly pleased with you.
You were a tree.
You visited 2 branches of the dungeon, and saw 10 of its levels.
You also visited: Sewer.

You collected 647 gold pieces.

Inventory:

Hand Weapons
 a - a +1 war axe of protection
 q - the +6 dagger "Grim" (weapon) {freeze, rF++}
   (You found it on level 4 of the Dungeon)

   rF:        It greatly protects you from fire.
 v - a +2 rapier of draining
 x - a +1 rapier of pain
 N - a +5 flail
Missiles
 L - a throwing net
Armour
 b - a +0 scale mail (melded)
 c - a +0 buckler (worn)
 e - an orb of energy
 f - a +1 cloak (melded)
 u - a +0 pair of gloves (melded)
Magical Staves
 j - a staff of earth
Jewellery
 t - an amulet of reflection (around neck)
 J - a +4 ring of slaying
 M - a ring of ice
 P - an amulet of magic regeneration
Wands
 m - a wand of flame (21) (quivered)
 o - a wand of digging (9)
 r - a wand of paralysis (7)
 w - a wand of mindburst (16)
 Q - a wand of roots (3)
Scrolls
 g - a scroll of blinking
 i - 2 scrolls of amnesia
 l - 3 scrolls of poison
 p - a scroll of brand weapon
 y - 2 scrolls of butterflies
 D - 2 scrolls of magic mapping
 E - 2 scrolls of teleportation
 G - 2 scrolls of immolation
 K - a scroll of enchant weapon
 R - a scroll of identify
 S - a scroll of fog
Potions
 d - a potion of cancellation
 h - 2 potions of brilliance
 k - 6 potions of haste
 n - a potion of magic
 z - a potion of ambrosia
 A - a potion of attraction
 B - 4 potions of curing
 C - 2 potions of mutation
 F - 5 potions of flight
 I - 2 potions of lignification
 O - a potion of resistance


   Skills:
 + Level 8.9 Fighting
 - Level 11.0 Axes
 + Level 8.1 Armour
 + Level 8.1 Shields
 - Level 3.0 Spellcasting
 - Level 4.0 Translocations
 + Level 7.6 Invocations


You had 14 spell levels left.
You knew the following spells:

 Your Spells              Type           Power      Damage    Failure   Level
a - Blink                 Tloc           22%        N/A       9%          2

Your spell library contained the following spells:

 Spells                   Type           Power      Damage    Failure   Level
 Manifold Assault         Tloc           11%        N/A       50%         4
 Ozocubu's Armour         Ice            1%         N/A       65%         3
 Metabolic Englaciation   Hex/Ice        0%         N/A       100%        5
 Simulacrum               Ice/Necr       0%         N/A       100%        6
 Storm Form               Tmut/Air       0%         N/A       100%        7


Dungeon Overview and Level Annotations

Branches:
Dungeon (9/15)             Temple (0/1) D:7            Lair (1/5) D:8
    Orc (0/2) D:9           Sewer (visited)

Altars:
Ashenzari
Cheibriados
Fedhas
Hepliaklqana
Nemelex Xobeh
Okawaru
Qazlal
Wu Jian


Message History

You feel much better.
Flame seeps out of the death yak.
The death yak is engulfed in blazing flames.
Flame seeps out of the death yak.
The death yak gores you but does no damage.
The death yak barely misses you. The death yak gores you!
* * * LOW HITPOINT WARNING * * *
The death yak gores you but does no damage. x2
You barely miss the death yak.
The death yak is severely wounded.
Flame seeps out of the death yak.
The death yak is engulfed in blazing flames.
Flame seeps out of the death yak.
The death yak gores you!
* * * LOW HITPOINT WARNING * * *
The death yak gores you but does no damage.
You block the death yak's attack. The death yak completely misses you.
The death yak gores you!
* * * LOW HITPOINT WARNING * * *
You feel much better.
The death yak is engulfed in blazing flames.
Flame seeps out of the death yak.
You block the death yak's attack.
The death yak gores you but does no damage. x2
The death yak gores you!!
* * * LOW HITPOINT WARNING * * *
The death yak gores you.
* * * LOW HITPOINT WARNING * * *
You feel very mighty all of a sudden.
The death yak gores you but does no damage. x3
You block the death yak's attack. x2
You hit the death yak.
Flame seeps out of the death yak.
You freeze the death yak.
Flame seeps out of the death yak.
The death yak is almost dead.
Flame seeps out of the death yak.
The death yak is engulfed in blazing flames.
Beogh accepts your kill.
The death yak explodes!
The fiery explosion engulfs the death yak!!
Flame seeps out of the death yak.
The death yak is moderately wounded.
The fiery explosion engulfs you! You resist.
You die...

##.......## #........#
## ##..<....####
###P####P.......##.#####
........................
...................$....
......................>.
..............§YY.......
$.............Y○♣...."..
..............§YY.......
........................
########.######.........
### #P>......#
##.......# #.......#
#.......#


You could see 5 death yaks.

Vanquished Creatures
  A catoblepas (Lair:1)
  A death yak (Lair:1)
  A rime drake (D:8)
  A komodo dragon (Lair:1)
  2 polar bears (D:8)
  Sigmund (D:4)
  2 yaks (D:9)
  A steam dragon (D:8)
  The ghost of aloneDruid the Changer, an amateur DgTm (D:4)
  5 water moccasins
  3 orc warriors
  2 black bears
  An ogre (D:4)
  2 centaurs
  A phantom (D:5)
  2 bullfrogs
  2 kobold brigands
  A scorpion (D:4)
  3 water moccasin zombies (D:5)
  4 wights
  A bullfrog zombie (D:5)
  2 hounds
  A jelly (D:8)
  An orc priest (D:9)
  A gnoll bouda (D:7)
  A sleepcap (D:7)
  Ijyb (D:3)
  Terence (D:3)
  4 iguanas
  5 orc wizards
  2 scorpion zombies (D:5)
  A killer bee zombie (D:5)
  A hound skeleton (D:5)
  Robin (D:3)
  A howler monkey zombie (D:5)
  13 gnolls
  8 adders
  2 river rats (Sewer)
  An ufetubus (D:6)
  An adder zombie (D:5)
  2 worms
  2 dart slugs
  8 orcs
  14 bats
  11 endoplasms
  7 giant cockroaches
  17 goblins
  6 hobgoblins
  6 jackals
  6 quokkas
  18 ball pythons
  3 frilled lizards
  26 kobolds
  6 rats
  A spectral kobold (D:8)
219 creatures vanquished.

Vanquished Creatures (collateral kills)
  The ghost of H0rd4k the Cudgeller, a novice HuAr of Gozag (D:7)
  A cane toad (Lair:1)
  Psyche (D:8)
  2 komodo dragons (Lair:1)
  A troll (D:9)
  A wyvern (D:8)
  2 yaks (D:9)
  An orc warrior (D:9)
  An ice beast (D:8)
  2 bullfrogs
  A scorpion (D:7)
  5 wights
  3 howler monkeys
  A sleepcap (D:8)
  2 orc wizards (D:7)
  A white imp (D:8)
  2 orcs
28 creatures vanquished.

Vanquished Creatures (others)
  An orc sorcerer (Lair:1)
  An orc wizard (D:8)
  An orc priest (D:7)
  6 orcs
  5 goblins (D:3)
  A rat (D:3)
15 creatures vanquished.

Grand Total: 262 creatures vanquished

Notes
Turn   | Place    | Note
-------+----------+-------------------------------------------
     0 | D:1      | Graphine the Hill Orc Fighter began the quest for the Orb.
     0 | D:1      | Reached XP level 1. HP: 19/19 MP: 1/1
    95 | D:1      | Reached skill level 3 in Axes
    95 | D:1      | Reached XP level 2. HP: 27/27 MP: 2/2
   289 | D:1      | Reached XP level 3. HP: 26/33 MP: 3/3
   767 | D:2      | Reached skill level 4 in Axes
   896 | D:2      | Reached XP level 4. HP: 40/40 MP: 4/4
  1631 | D:3      | Reached XP level 5. HP: 41/47 MP: 5/5
  1825 | D:3      | Noticed Ijyb
  1831 | D:3      | Became a worshipper of Beogh the Brigand
  1832 | D:3      | Killed Ijyb
  1833 | D:3      | Reached skill level 5 in Axes
  1927 | D:3      | Noticed Robin
  1927 | D:3      | Noticed Terence
  1942 | D:3      | Killed Robin
  1949 | D:3      | Killed Terence
  2264 | D:4      | Found a runed translucent gate.
  2264 | D:4      | Found a runed translucent gate.
  2265 | D:4      | Found a runed translucent gate.
  2265 | D:4      | Noticed aloneDruid's ghost (amateur DgTm)
  2270 | D:4      | Noticed a kobold brigand
  2371 | D:4      | Reached XP level 6. HP: 55/55 MP: 6/6
  2472 | D:4      | Found an ornate altar of the Wu Jian Council.
  2478 | D:4      | Found a snail-covered altar of Cheibriados.
  2489 | D:4      | Reached skill level 5 in Fighting
  2489 | D:4      | Found a sparkling altar of Nemelex Xobeh.
  2489 | D:4      | Found a broken altar of Ashenzari.
  2489 | D:4      | Found a blossoming altar of Fedhas.
  2531 | D:4      | Reached skill level 6 in Axes
  2757 | D:4      | Identified the +6 dagger "Grim" {freeze, rF++}
  2805 | D:4      | Reached * piety under Beogh
  2889 | D:4      | Reached XP level 7. HP: 57/61 MP: 7/7
  2920 | D:4      | Noticed Sigmund
  2926 | D:4      | Paralysed by Sigmund for 5 turns
  2934 | D:4      | Killed Sigmund
  2935 | D:4      | Reached skill level 1 in Invocations
  3083 | D:4      | Found a stormy altar of Qazlal.
  3170 | D:4      | Reached skill level 7 in Axes
  3170 | D:4      | Reached skill level 5 in Armour
  3170 | D:4      | Reached skill level 5 in Shields
  3412 | D:4      | Killed aloneDruid's ghost
  3413 | D:4      | Reached XP level 8. HP: 51/70 MP: 9/9
  3517 | D:5      | Entered Level 5 of the Dungeon
  3829 | D:5      | Reached skill level 8 in Axes
  3941 | D:5      | Found an iron altar of Okawaru.
  4098 | D:5      | Reached ** piety under Beogh
  4321 | D:6      | Found a glowing drain.
  4346 | Sewer    | Entered a sewer
  5287 | D:7      | Reached skill level 9 in Axes
  5287 | D:7      | Reached XP level 9. HP: 39/78 MP: 12/12
  5302 | D:7      | Reached skill level 1 in Translocations
  5459 | D:7      | Reached skill level 1 in Spellcasting
  5470 | D:7      | Reached *** piety under Beogh
  5623 | D:7      | Found a staircase to the Ecumenical Temple.
  5710 | D:7      | Found a runed translucent door.
  5711 | D:7      | Noticed H0rd4k's ghost (novice HuAr)
  5740 | D:7      | Killed H0rd4k's ghost
  5741 | D:7      | Reached skill level 5 in Invocations
  5860 | D:7      | Reached skill level 10 in Axes
  6289 | D:8      | Noticed a polar bear
  6290 | D:8      | Noticed a rime drake
  6310 | D:8      | Killed a polar bear
  6311 | D:8      | Reached XP level 10. HP: 64/88 MP: 10/14
  6314 | D:8      | Noticed Psyche
  6320 | D:8      | Killed Psyche
  6393 | D:8      | Found a staircase to the Lair.
  6556 | D:8      | Found a hazy altar of Hepliaklqana.
  7055 | D:8      | Learned a level 2 spell: Blink
  7077 | Lair:1   | Entered Level 1 of the Lair of Beasts
  7077 | Lair:1   | Noticed a catoblepas
  7328 | D:9      | Reached **** piety under Beogh
  7510 | D:9      | Found a staircase to the Orcish Mines.
  8061 | Lair:1   | Killed a catoblepas
  8141 | Lair:1   | Reached skill level 11 in Axes
  8143 | Lair:1   | Noticed a cane toad
  8150 | Lair:1   | Killed a cane toad
  8151 | Lair:1   | Reached XP level 11. HP: 63/95 MP: 16/16
  8558 | Lair:1   | Noticed a death yak
  8558 | Lair:1   | Noticed a death yak
  8559 | Lair:1   | Noticed a death yak
  8560 | Lair:1   | Noticed a death yak
  8560 | Lair:1   | Noticed a death yak
  8564 | Lair:1   | Noticed a death yak
  8592 | Lair:1   | Killed a death yak
  8592 | Lair:1   | Killed by an exploding death yak... ignited by their inner
                  | flame

Illustrated notes

Levels and vault maps discovered:
D:1:      dpeg_arrival_tiny_h, layout_basic
D:2:      layout_rooms
D:3:      cheibrodos_pilgrimage, layout_loops_corners, uniq_robin, uniq_terence,
          uniq_ijyb
D:4:      layout_loops_ring, minitemple, mainiacjoe_overflow_alcove_1,
          gammafunk_ghost_nasty_kobolds, uniq_sigmund
D:5:      layout_loops_cross, kennysheep_okawaru_gauntlet, serial_undead,
          serial_undead_b, serial_undead_e, serial_undead_b, serial_undead_c,
          serial_undead_f
D:6:      layout_basic, portal_sewer_entry_f
D:7:      layout_cave_pools, minmay_temple_entry_mist,
          ebering_ghost_reflecting_pool
D:8:      hellmonk_destroyed_diamonds, layout_basic,
          nicolae_hepliaklqana_monster_ancestors, hellmonk_lair_entry_icy,
          minmay_misc_feat_five, uniq_psyche
D:9:      layout_small_grid, orc_0_dummy, serial_park_tiny_pond,
          serial_bayou_crossing
Lair:1:   layout_big_grid, basic_altar, beast_lair_carwin_11

Skill      XL: |  1  2  3  4  5  6  7  8  9 10 11 |
---------------+----------------------------------+-----
Axes           | 3 4 5 6 7 9 10 11 | 11.0
Fighting       | 4 5 6 7 8 |  8.9
Armour         | 4 5 6 7 8 |  8.1
Shields        | 4 5 6 8 |  8.1
Invocations    | 2 4 5 7 |  7.6
Translocations | 2 3 4 |  4.0
Spellcasting   | 2 3 |  3.0

Action                     |  1- 3 |  4- 6 |  7- 9 | 10-12 || total
---------------------------+-------+-------+-------+-------++-------
  Melee: War axe           |    56 |   135 |   398 |   159 ||   748
         Short sword       |    29 |       |       |       ||    29
         Dagger            |       |       |       |     2 ||     2
   Cast: Blink             |       |       |       |     2 ||     2
 Invoke: Convert to Beogh  |       |     1 |       |       ||     1
         Smiting           |       |       |     1 |       ||     1
  Evoke: Wand              |       |       |     2 |     1 ||     3
    Use: Scroll            |     6 |     6 |    10 |     3 ||    25
         Potion            |       |     4 |       |     5 ||     9
   Stab: Distracted        |       |       |     3 |     2 ||     5
 Armour: Scale mail        |    56 |    66 |   163 |    80 ||   365
         Skin              |       |       |       |     9 ||     9
  Dodge: Dodged            |    53 |    62 |   164 |    56 ||   335
  Block: Buckler           |    21 |    21 |   224 |   101 ||   367
         Reflection        |       |       |     3 |       ||     3
